AoeStats
← Kaiser Ze

Nomad

510275366Analyzed
3v3 RM · 1d ago on Sep 30, 2026· 44m 36s· 6 players
Game mode
Random Map
Map size
210×210
Population
200
Speed
Normal
Resources
Standard
Victory
Conquest
Starting age
Dark Age
Ending age
Imperial Age
RankedLock teamsTeams togetherTeam positionsShared explorationLock speedFull tech treeHidden civsTurbo modeCheats
Victory
Defeat
1497
+12
🇨🇳 Dravidians · China
1412
+15
🇨🇳 Ethiopians · China
1321
+19
🇩🇪 Koreans · Germany
1441
-17
🇻🇳 Vikings · Vietnam
1386
-15
🇦🇺 Wei · Australia
1370
-14
gianghodd01
4:55 Loom
17:28 Feudal Age
19:00 Fishing Lines
22:26 Castle Age
20:32 Double-Bit Axe
24:01 Gillnets
24:36 Fletching
25:39 Bow Saw
29:17 Bodkin Arrow
33:09 Town Watch
34:19 Horse Collar
40:46 Town Patrol
44:45 Imperial Age
aswjegk
13:37 Feudal Age
13:23 Loom
14:41 Double-Bit Axe
15:58 Fletching
19:10 Castle Age
17:51 Fletching
37:09 Imperial Age
35:35 Bow Saw
36:41 Gold Mining
36:50 Bodkin Arrow
40:53 Masonry
42:21 Architecture
42:41 Wheelbarrow
42:15 Arrowslits
43:48 Bracer
Snarkegard
3:49 Loom
13:30 Feudal Age
14:39 Double-Bit Axe
19:13 Forging
25:13 Castle Age
24:51 Scale Barding Armor
24:50 Horse Collar
25:34 Bloodlines
26:22 Chain Barding Armor
27:57 Husbandry
37:48 Scale Mail Armor
38:24 Iron Casting
38:30 Pikeman
39:10 Squires
44:14 Imperial Age
42:24 Wheelbarrow
42:50 Masonry
42:39 Gold Mining
42:40 Stone Mining
42:36 Town Watch
43:53 Chain Mail Armor
43:28 Fletching
44:45 Bow Saw
45:04 Ballistics
你可以打我队友吗
6:21 Loom
14:21 Feudal Age
18:30 Castle Age
17:20 Double-Bit Axe
19:16 Medium Warships
22:19 Bow Saw
22:48 Fletching
23:30 Fishing Lines
25:54 Gillnets
27:14 Horse Collar
28:58 Heavy Plow
30:16 Wheelbarrow
29:38 Bodkin Arrow
29:40 Gold Mining
30:34 Clinker Construction
30:31 Siphons
31:35 Gold Shaft Mining
31:49 Hand Cart
31:57 Careening
32:26 Town Watch
33:36 Stone Mining
37:11 Imperial Age
35:00 Scale Barding Armor
35:06 Forging
35:37 Husbandry
35:47 Bloodlines
36:09 Chain Barding Armor
37:11 Iron Casting
37:15 Padded Archer Armor
38:30 Chemistry
37:51 Ballistics
37:52 Carvel Hull
37:10 Cavalier
38:58 Plate Barding Armor
38:42 Savar
40:43 Conscription
42:33 Blast Furnace
43:15 Murder Holes
43:31 Masonry
Kaiser Ze
4:44 Loom
12:45 Feudal Age
13:44 Stone Mining
17:18 Castle Age
18:44 Wheelbarrow
21:26 Double-Bit Axe
25:07 Fishing Lines
33:06 Fletching
35:33 Thumb Ring
38:35 Bodkin Arrow
38:42 Padded Archer Armor
45:40 Imperial Age
老菜套
3:46 Loom
12:53 Feudal Age
13:23 Town Watch
19:38 Castle Age
17:29 Double-Bit Axe
17:25 Horse Collar
18:20 Fletching
20:00 Gold Mining
19:50 Crossbowman
21:22 Squires
26:06 Bow Saw
28:29 Bodkin Arrow
29:21 Padded Archer Armor
30:21 Ballistics
32:04 Leather Archer Armor
32:25 Stone Mining
33:10 Gold Shaft Mining
35:39 Wheelbarrow
38:00 Stone Shaft Mining
41:25 Town Patrol
44:03 Imperial Age
42:22 Hand Cart
42:21 Scale Mail Armor
42:56 Royal Heirs
43:59 Chain Mail Armor
43:55 Forging
44:13 Capped Ram
44:16 Arbalester
45:02 Thumb Ring
45:59 Chemistry
Connection lost

Rejoining the realm…

Still unreachable

The connection could not be restored.

Session expired

The server has moved on; the page needs a fresh start.